 Dungeon Crawl Stone Soup version 0.28.0-56-g4927b6849a (webtiles) character file.

Game seed: 14815027862304156092

1276734 AarnesTheHuman the Slayer (level 27, 197/197 HPs)
             Began as a Gargoyle Earth Elementalist on Jan 19, 2023.
             Was an Initiate of Gozag.
             Escaped with the Orb
             ... and 3 runes on Jan 26, 2023!
             The game lasted 09:39:16 (149366 turns).

AarnesTheHuman the Slayer (GrEE)                  Turns: 149366, Time: 09:39:16

Health: 197/197    AC: 39    Str: 13    XL:     27
Magic:  48/48      EV: 13    Int: 30    God:    Gozag
Gold:   1541       SH: 11    Dex: 10    Spells: 2/68 levels left

rFire   + + +      SeeInvis +   T - +9 eveningstar (freeze)
rCold   + + +      Faith    .   S - +0 buckler of the Old World {rElec rF+ rN++ rCorr}
rNeg    + + +      Spirit   .   y - +1 troll leather armour of Dolehyi {Rampage rC++ Will+ Regen+ Str-5}
rPois   ∞          Reflect  +   k - +2 helmet {SInv}
rElec   +          Harm     .   Q - scarf {rC+ rF+}
rCorr   +          Rampage  +   i - +2 pair of gloves
Will    +++..      Archmagi +   E - +2 pair of boots {Stlth+}
Stlth   ++........              z - amulet of reflection
HPRegen 1.22/turn               F - ring of the Mage {Wiz Archmagi}
MPRegen 0.31/turn               G - +6 ring of intelligence

@: flying, studying Bows, bribing [the Dungeon]
A: sickness immunity, AC +20, big wings, negative energy resistance 1,
electricity resistance, torment resistance 1, petrification resistance,
camouflage 1, fire resistance 1, MP-powered wands
0: Orb of Zot
}: 3/15 runes: decaying, serpentine, silver
a: Renounce Religion, Potion Petition, Call Merchant, Bribe Branch


You escaped.
You worshipped Gozag.
Gozag was most pleased with you.
You visited 10 branches of the dungeon, and saw 49 of its levels.
You also visited: Ice Cave.

You collected 33563 gold pieces.
You spent 4422 gold pieces at shops.
You paid 27600 gold pieces to Gozag.

Inventory:

Hand Weapons
 a - the +8 flail of the Whelk {vorpal, rF+ Will+}
   (You found it on level 10 of the Dungeon)

   It inflicts extra damage upon your enemies.
   rF:        It protects you from fire.
   Will:      It increases your willpower.
 b - the +6 hunting sling of Wulerisch {flame, rElec Str+5 Int-5 SInv}
   (You took it off a wight on level 8 of the Dungeon)

   Any ammunition fired from it burns those it strikes, dealing additional fire
   damage.
   Str:       It affects your strength (+5).
   Int:       It affects your intelligence (-5).
   rElec:     It insulates you from electricity.
   SInv:      It lets you see invisible.
 j - a +3 vorpal eveningstar
 u - a +4 demon whip of electrocution
 T - a +9 eveningstar of freezing (weapon)
Missiles
 m - 56 poisoned darts (quivered)
 s - 234 sling bullets
 X - a throwing net
Armour
 i - a +2 pair of gloves (worn)
 k - a +2 helmet of see invisible (worn)
 y - the +1 troll leather armour of Dolehyi (worn) {Rampage rC++ Will+ Regen+ Str-5}
   (You bought it in a shop on level 10 of the Dungeon)

   Str:       It affects your strength (-5).
   rC:        It greatly protects you from cold.
   Regen:     It increases your rate of health regeneration.
   Rampage:   It bestows one free step when moving towards enemies.
   Will:      It increases your willpower.
 E - a +2 pair of boots of stealth (worn)
 Q - a scarf of resistance (worn)
 S - the +0 buckler of the Old World (worn) {rElec rF+ rN++ rCorr}
   (You bought it in a shop on level 10 of the Dungeon)

   rF:        It protects you from fire.
   rElec:     It insulates you from electricity.
   rN:        It greatly protects you from negative energy.
   rCorr:     It protects you from acid and corrosion.
Magical Staves
 V - a staff of earth
Jewellery
 c - a ring of willpower
 f - the ring "Ogoti" {rC+++ Str+3 Dex+3 SInv Stlth-}
   (You found it on level 5 of the Vaults)

   [ring of see invisible]

   Str:       It affects your strength (+3).
   Dex:       It affects your dexterity (+3).
   rC:        It renders you almost immune to cold.
   SInv:      It lets you see invisible.
   Stlth:     It makes you less stealthy.
 z - an amulet of reflection (around neck)
 B - a ring of protection from fire
 F - the ring of the Mage (left hand) {Wiz Archmagi}
   (You bought it in a shop on level 10 of the Dungeon)

   [ring of wizardry]

   It improves your spell success rate.
   Archmagi:  It increases the power of your magical spells.
 G - a +6 ring of intelligence (right hand)
Wands
 o - a wand of paralysis (29)
 I - a wand of charming (14)
 J - a wand of mindburst (25)
 K - a wand of flame (98)
 P - a wand of iceblast (34)
 R - a wand of acid (14)
 Z - a wand of digging (16)
Scrolls
 n - a scroll of summoning
 q - 7 scrolls of fog
 r - 11 scrolls of blinking
 t - 5 scrolls of silence
 x - 3 scrolls of holy word
 C - 17 scrolls of teleportation
 D - 9 scrolls of immolation
 L - 6 scrolls of fear
 M - 5 scrolls of magic mapping
 O - 7 scrolls of vulnerability
Potions
 d - 5 potions of might
 e - 13 potions of heal wounds
 g - 25 potions of curing
 h - 9 potions of mutation
 p - 6 potions of cancellation
 v - 4 potions of berserk rage
 w - 4 potions of ambrosia
 A - 3 potions of invisibility
 H - 6 potions of haste
 N - 5 potions of magic
 U - 3 potions of lignification
 W - 5 potions of brilliance
 Y - 2 potions of resistance
Miscellaneous
 l - a phantom mirror


   Skills:
 + Level 26.8 Fighting
 - Level 14.0 Maces & Flails
 - Level 1.0 Polearms
 - Level 15.0 Armour
 - Level 7.0 Dodging
 - Level 5.0 Stealth
 - Level 12.0 Shields
 - Level 21.0 Spellcasting
 - Level 15.0 Conjurations
 - Level 9.0 Summonings
 - Level 7.5 Necromancy
 - Level 8.0 Translocations
 - Level 5.0 Transmutations
 - Level 9.0 Fire Magic
 - Level 4.5 Ice Magic
 - Level 18.0 Earth Magic


You had 2 spell levels left.
You knew the following spells:

 Your Spells              Type           Power      Damage    Failure   Level
a - Sandblast             Erth           100%       2d20      0%          1
b - Stone Arrow           Conj/Erth      100%       3d13      0%          3
c - Passwall              Tmut/Erth      83%        N/A       0%          2
d - Petrify               Tmut/Erth      100%       N/A       1%          4
e - Sticky Flame          Conj/Fire      100%       2d11      1%          4
f - Blink                 Tloc           100%       N/A       1%          2
g - Shock                 Conj/Air       100%       1d9       1%          1
h - Passage of Golubria   Tloc           87%        N/A       1%          4
i - Borgnjor's Vile Clut  Necr/Erth      52%        N/A       1%          5
j - Summon Forest         Summ/Tloc      44%        N/A       1%          5
k - Frozen Ramparts       Ice            100%       1d12      1%          3
l - Ozocubu's Armour      Ice            73%        N/A       1%          3
m - Summon Guardian Gole  Hex/Summ       73%        N/A       1%          3
n - Lee's Rapid Deconstr  Erth           59%        3d28*     1%          5
o - Poisonous Vapours     Pois/Air       94%        N/A       1%          2
p - Fireball              Conj/Fire      50%        3d20      1%          5
q - Starburst             Conj/Fire      50%        6d14      1%          6
r - Lehudib's Crystal Sp  Conj/Erth      57%        10d13     4%          8

Your spell library contained the following spells:

 Spells                   Type           Power      Damage    Failure   Level
 Foxfire                  Conj/Fire      100%       2x1d9     0%          1
 Pain                     Necr           100%       1d9       1%          1
 Slow                     Hex            100%       N/A       1%          1
 Summon Small Mammal      Summ           100%       N/A       1%          1
 Corpse Rot               Necr/Air       100%       N/A       1%          2
 Ensorcelled Hibernation  Hex/Ice        100%       N/A       1%          2
 Scorch                   Fire           100%       2d10      1%          2
 Static Discharge         Conj/Air       86%        N/A       1%          2
 Wereblood                Tmut           75%        N/A       1%          2
 Call Canine Familiar     Summ           91%        N/A       1%          3
 Conjure Flame            Conj/Fire      100%       6-21      1%          3
 Dazzling Flash           Conj/Hex       100%       N/A       1%          3
 Ignite Poison            Fire/Tmut/Pois 74%        N/A       1%          3
 Inner Flame              Hex/Fire       73%        N/A       1%          3
 Portal Projectile        Hex/Tloc       100%       N/A       1%          3
 Spider Form              Tmut/Pois      63%        N/A       1%          3
 Swiftness                Air            47%        N/A       1%          3
 Tukima's Dance           Hex            47%        N/A       1%          3
 Anguish                  Hex/Necr       34%        N/A       1%          4
 Animate Armour           Summ/Erth      100%       N/A       1%          4
 Animate Dead             Necr           43%        N/A       1%          4
 Dispel Undead            Necr           86%        3d28      1%          4
 Ice Form                 Ice/Tmut       74%        N/A       1%          4
 Iskenderun's Mystic Bla  Conj/Tloc      100%       2d19      1%          4
 Leda's Liquefaction      Hex/Erth       45%        N/A       1%          4
 Summon Ice Beast         Ice/Summ       82%        N/A       1%          4
 Excruciating Wounds      Necr           43%        N/A       1%          5
 Lightning Bolt           Conj/Air       43%        1d62      1%          5
 Manifold Assault         Tloc           87%        N/A       1%          5
 Blade Hands              Tmut           37%        N/A       2%          5
 Summon Mana Viper        Hex/Summ       73%        N/A       2%          5
 Summon Cactus Giant      Summ           45%        N/A       2%          6
 Dispersal                Tloc           43%        N/A       3%          6
 Death Channel            Necr           43%        N/A       4%          6
 Spellforged Servitor     Conj/Summ      50%        N/A       4%          7
 Cause Fear               Hex            23%        N/A       6%          4
 Alistair's Intoxication  Tmut/Pois      42%        N/A       6%          5
 Metabolic Englaciation   Hex/Ice        30%        N/A       7%          5
 Simulacrum               Ice/Necr       39%        N/A       9%          6
 Summon Hydra             Summ           45%        N/A       13%         7
 Malign Gateway           Summ/Tloc      44%        N/A       16%         7
 Silence                  Hex/Air        23%        N/A       17%         5
 Eringya's Noxious Bog    Tmut/Pois      31%        N/A       32%         6
 Ozocubu's Refrigeration  Ice            36%        4d12      61%         7
 Ignition                 Fire           45%        3d13      67%         8
 Disjunction              Tloc           43%        N/A       80%         8
 Storm Form               Tmut/Air       31%        N/A       86%         7
 Enfeeble                 Hex            23%        N/A       99%         7
 Discord                  Hex            23%        N/A       100%        8
 Maxwell's Capacitive Co  Air            23%        ∞         100%        8
 Death's Door             Necr           43%        N/A       100%        9
 Sublimation of Blood     Necr           Unusable   N/A       N/A         2

Dungeon Overview and Level Annotations

Branches:
Dungeon (15/15)            Temple (1/1) D:6            Lair (6/6) D:10
  Swamp (4/4) Lair:4        Snake (4/4) Lair:4        Slime (0/5) Lair:5
    Orc (2/2) D:10            Elf (3/3) Orc:2        Vaults (5/5) D:13
  Crypt (0/3) Vaults:2     Depths (4/4) D:15            Zot (5/5) Depths:4
  IceCv (visited)

Altars:
Ashenzari
Cheibriados
Dithmenos
Elyvilon
Fedhas
Gozag
Hepliaklqana
Kikubaaqudgha
Makhleb
Nemelex Xobeh
Okawaru
Qazlal
Ru
Sif Muna
Trog
Uskayaw
Vehumet
Wu Jian
Xom
Yredelemnul
Zin
The Shining One
Beogh
Jiyva

Shops:
D:2 !   D:10 =[=![[[=[[:   Orc:1 !   Orc:2 ***[((*   Elf:2 =   Elf:3 =
Snake:4 [((*=   Vaults:5 ?   Depths:1 ::=   Depths:2 ?   Depths:4 (

Portals:
Hell: Depths:1 Depths:2 Depths:3 Depths:4
Abyss: Depths:3
Pandemonium: Depths:2
Ziggurat: Depths:4
Trove: Vaults:2 (give 2 scrolls of acquirement)

Annotations:
D:14 1 runed translucent door, exclusion: door, peterlawrence's ghost, journeyman MiFi
Lair:2 exclusion: downstairs
Lair:4 1 runed translucent door, exclusion: door, Qawitz's ghost, journeyman GrEE
Lair:6 2 exclusions
Swamp:1 exclusion: downstairs
Swamp:2 exclusion: downstairs
Swamp:3 exclusion: 2 downstairs
Snake:1 2 transporters, exclusion: downstairs, Jerry's ghost, adept VSFi
Elf:2 3 runed translucent doors, exclusions: 3 doors and downstairs
Elf:3 exclusion: upstairs
Vaults:2 exclusion: 2 downstairs
Vaults:4 exclusion: 2 downstairs
Depths:1 3 runed translucent doors, exclusions: door and 3 downstairs


Innate Abilities, Weirdness & Mutations

You are immune to sickness and miasma.
Your stone body is resilient. (AC +20)
You are immune to poison.
Your large and strong wings let you fly.
You resist negative energy. (rN+)
You are resistant to electric shocks. (rElec)
You are resistant to unholy torment.
You are immune to petrification.
Your skin changes colour to match your surroundings (Stealth+).
Your flesh is heat resistant. (rF+)
You expend magic power (3 MP) to strengthen your wands.


Message History

Things that are here:
a +2 falchion of electrocution; a +0 spear; a +1 vorpal hand axe
There is a stone staircase leading up here.
You fly upwards.
There is a stone staircase leading down here.
You see here a +0 flail.
You see here a +0 leather armour.
Things that are here:
a +0 leather armour; a +0 club
There is a stone staircase leading up here.
You fly upwards.
There is a stone staircase leading down here.
There is a stone staircase leading up here.
You fly upwards.
There is a stone staircase leading down here.
The Ice Fiend stares, then turns away, jangling a coin purse.
An Ice Fiend comes into view.
Casting: Lehudib's Crystal Spear (dangerous; 4% risk of failure)
Confirm with . or Enter, or press ? or * to list all spells.
You can't see any susceptible monsters within range! (Use Z to cast anyway.)
Casting: Lehudib's Crystal Spear (dangerous; 4% risk of failure)
Confirm with . or Enter, or press ? or * to list all spells.
You can't see any susceptible monsters within range! (Use Z to cast anyway.)
There is a stone staircase leading up here.
You fly upwards.
There is a stone staircase leading down here.
(D) Dungeon (T) Temple (L) Lair (S) Swamp (P) Snake Pit (M) Slime Pits (O) Orcish Mines (E) Elven Halls (V) Vaults (C) Crypt (U) Depths (H) Hell (Z) Zot
Where to? (Enter - D:1 @ (x,y), ? - help)
You see here a +0 leather armour.
There is an open door here.
There is an escape hatch in the ceiling here.
A mysterious force pulls you upwards. The hatch slams shut behind you.
There is a stone staircase leading up here.
You fly upwards.
There is a stone staircase leading down here.
There is a staircase leading out of the dungeon here.
You have escaped!

#.##### #
#######.##########
#.................
########.########.#######
#≈≈≈≈≈≈≈.≈≈≈≈≈≈≈#.#
#≈≈≈≈≈.....≈≈≈≈≈#.#
#≈≈....≈≈≈....≈≈#.#
#≈...≈≈≈.≈≈≈...≈#.#
#≈..≈≈..@.≈≈≈.....#
#≈...≈≈≈.≈≈≈...≈###
#≈≈....≈≈≈....≈≈#
#≈≈≈≈≈.....≈≈≈≈≈#
#≈≈≈≈≈≈≈≈≈≈≈≈≈≈≈#
#################


There were no monsters in sight!

Vanquished Creatures
  3 ancient liches
  2 orbs of fire (Zot:5)
  A juggernaut (Depths:3)
  A Killer Klown (Zot:5)
  A shard shrike (Zot:1)
  Frederick (Vaults:2)
  Xtahua (Vaults:2)
  Vashnia (Snake:2)
  Saint Roka (Elf:3)
  9 caustic shrikes
  A curse toe (Zot:3)
  10 golden dragons
  Jorgrun (Snake:1)
  3 electric golems
  Rupert (D:13)
  8 tentacled monstrosities
  2 deep elf blademasters (Elf:3)
  15 Orb Guardians
  2 liches
  2 deep elf master archers (Elf:3)
  6 titans
  A walking divine tome (Depths:2)
  4 quicksilver dragons
  8 sphinxes
  2 death cobs
  6 shadow dragons
  13 storm dragons
  Frances (Snake:1)
  4 tengu reavers
  Kirke (Lair:3)
  Agnes (Snake:2)
  8 nagarajas
  Donald (Swamp:2)
  5 draconian knights
  An iron dragon (Depths:2)
  3 draconian monks
  9 deep elf sorcerers
  15 fire giants
  16 frost giants
  An orc warlord (Vaults:2)
  Aizul (Snake:1)
  An emperor scorpion (shapeshifter) (Depths:3)
  10 vault wardens
  2 draconian scorchers
  2 ghouls (Swamp:4)
  4 deep elf elementalists
  3 draconian shifters
  5 ghost moths
  4 draconian annihilators
  8 ironbound preservers
  3 spriggan defenders (Depths:2)
  7 draconian stormcallers
  10 very ugly things
  15 stone giants
  2 war gargoyles (Vaults:3)
  8 ironbound thunderhulks
  The ghost of kalagan the Thaumaturge, a journeyman DECj of Sif Muna (Elf:1)
  10 black draconians
  5 vampire knights
  Nessos (D:13)
  10 green draconians
  12 white draconians
  7 deep elf demonologists
  9 deep elf annihilators
  4 entropy weavers
  4 eleionomae
  8 spark wasps
  9 red draconians
  4 purple draconians
  5 bunyips
  6 yellow draconians
  The ghost of hitsuchi the Basher, a journeyman KoBe of Trog (Orc:1)
  12 ettins
  A fire dragon (shapeshifter) (Depths:2)
  8 deep elf death magi
  2 jiangshi (D:15)
  2 shambling mangroves (Swamp:4)
  Josephine (Lair:4)
  4 deep elf high priests
  4 great orbs of eyes
  4 crystal guardians
  10 yaktaur captains
  20 ice dragons
  A merfolk impaler (Orc:2)
  3 salamander tyrants
  7 fire dragons
  21 vault guards
  A ghost crab (Swamp:3)
  25 hydras
  A hell beast (Zot:4)
  5 peacekeepers
  13 ironbound frosthearts
  6 ogre magi
  10 boulder beetles
  19 naga warriors
  3 rakshasas
  8 anacondas
  12 centaur warriors
  3 spriggan air magi
  9 deep troll shamans
  5 death yaks
  8 tengu warriors
  15 two-headed ogres
  10 deep troll earth magi
  14 alligators
  A shock serpent (shapeshifter) (Depths:2)
  3 vampire magi
  3 orc high priests
  10 shock serpents
  11 naga sharpshooters
  Urug (D:12)
  Sonja (D:12)
  14 deep elf knights
  4 spriggan berserkers
  4 hell knights (Depths:3)
  24 spriggans
  8 iron trolls
  A goliath frog (shapeshifter) (Vaults:4)
  2 salamander mystics
  A sixfirhy (Depths:2)
  40 deep trolls
  3 goliath frogs
  4 flayed ghosts
  An orb spider (Depths:1)
  9 sea snakes
  10 swamp dragons
  5 spriggan druids
  11 bog bodies
  22 deep elf archers
  7 naga ritualists
  3 glowing orange brains
  24 deep elf pyromancers
  12 lindwurms
  8 necromancers
  22 ironbound convokers
  3 phantasmal warriors (Vaults:5)
  11 wizards
  5 harpies (Vaults:3)
  16 orc knights
  5 orc sorcerers
  2 wolf spiders (shapeshifter)
  29 deep elf zephyrmancers
  A manticore (shapeshifter) (Depths:2)
  67 ugly things
  A fire giant zombie (Vaults:1)
  12 mana vipers
  A stone giant skeleton (Vaults:1)
  27 moths of wrath
  13 salamanders
  3 manticores
  A salamander (shapeshifter) (Elf:1)
  8 cyclopes
  5 will-o-the-wisps
  15 vault sentinels
  A guardian serpent (shapeshifter) (D:14)
  5 guardian serpents
  A rust devil (Depths:2)
  Maurice (D:11)
  6 elf zombies
  4 elephants
  42 black mambas
  25 naga magi
  An eye of devastation (shapeshifter) (Depths:3)
  2 kobold demonologists (D:11)
  A torpor snail (shapeshifter) (Vaults:4)
  2 torpor snails (Lair:6)
  8 cane toads
  A hellion (Depths:2)
  4 gargoyles (D:7)
  An orange demon (Depths:2)
  2 unseen horrors (Depths:3)
  11 komodo dragons
  2 demonic crawlers
  4 freezing wraiths
  A guardian mummy (Vaults:2)
  A komodo dragon (shapeshifter) (Elf:1)
  13 rime drakes
  17 yaktaurs
  14 trolls
  An ice devil (Zot:3)
  17 polar bears
  10 tyrant leeches
  6 slime creatures
  3 saltlings (Vaults:2)
  2 tarantellas
  16 dream sheep
  14 hornets
  11 blink frogs
  A fire giant simulacrum (Vaults:1)
  A centaur simulacrum (D:15)
  A spriggan (shapeshifter) (Vaults:5)
  36 yaks
  A culicivora (Vaults:2)
  A culicivora (shapeshifter) (Depths:2)
  4 air elementals
  3 shadows
  8 water elementals
  A ynoxinul (Depths:3)
  6 wraiths
  5 wyverns
  3 fire elementals
  3 fire bats (Lair:3)
  2 hogs
  A redback (shapeshifter) (Vaults:5)
  6 basilisks
  16 humans (D:13)
  A hog (shapeshifter) (D:13)
  2 chaos spawn
  5 redbacks
  13 vampire mosquitoes
  55 nagas
  16 swamp worms
  5 wargs
  2 acid dragons (D:12)
  15 water moccasins
  A human zombie (Vaults:1)
  A floating eye (Depths:2)
  7 large abominations
  11 swamp drakes
  53 orc warriors
  25 ogres
  2 black bears
  2 necrophages
  A sky beast (D:7)
  4 boggarts
  5 centaurs
  3 phantoms
  21 wolves
  A kobold brigand (D:10)
  16 bullfrogs
  6 earth elementals
  A gnoll sergeant (D:13)
  2 scorpions
  A water moccasin skeleton (D:6)
  8 small abominations (Depths:3)
  A human simulacrum (Vaults:1)
  8 killer bees
  5 howler monkeys
  5 wights (D:8)
  2 electric eels
  2 vampire bats (D:3)
  A bullfrog zombie (D:6)
  5 centaur zombies
  4 jellies
  26 orc priests
  A centaur skeleton (D:7)
  A gnoll shaman (D:6)
  Terence (D:2)
  4 iguanas (D:7)
  26 orc wizards
  6 hell rats (Lair:5)
  A hound zombie (D:5)
  A hound skeleton (D:5)
  A howler monkey zombie (D:9)
  11 gnolls
  3 howler monkey skeletons
  4 adders
  A river rat (shapeshifter) (D:14)
  A shadow imp (D:5)
  2 worms
  2 dart slugs
  72 orcs
  8 ball pythons
  3 bat skeletons (D:3)
  2 bat zombies (D:3)
  16 endoplasms
  6 giant cockroaches
  4 hobgoblins
  2 jackals (D:4)
  27 kobolds
  4 quokkas
  10 bats
  5 frilled lizards
  7 goblins
  2 rats
  2 briar patches (Swamp:4)
2043 creatures vanquished.

Vanquished Creatures (collateral kills)
  A shard shrike (Zot:1)
  A golden dragon (Depths:3)
  An electric golem (Zot:5)
  2 tentacled monstrosities (Zot:1)
  3 Orb Guardians (Zot:5)
  A lich (Vaults:5)
  A titan (Vaults:5)
  A quicksilver dragon (Zot:1)
  3 thorn hunters
  2 shadow dragons
  4 frost giants
  A draconian stormcaller (Zot:2)
  2 vault wardens (Vaults:5)
  A draconian annihilator (Zot:2)
  2 ironbound preservers
  3 very ugly things (Vaults:5)
  A vampire knight (Depths:1)
  A stone giant (Vaults:5)
  2 green draconians (Zot:2)
  A deep elf annihilator (Elf:3)
  A purple draconian (Zot:2)
  A black draconian (Zot:1)
  An ettin (Depths:3)
  An ettin (shapeshifter) (Vaults:5)
  2 yaktaur captains
  A merfolk impaler (Orc:2)
  3 rakshasas
  A hydra (Swamp:4)
  3 ice dragons (Zot:1)
  5 vault guards
  An ogre mage (Vaults:5)
  A centaur warrior (D:14)
  4 dancing weapons (Elf:2)
  A tengu warrior (Depths:1)
  A deep troll earth mage (Vaults:5)
  A shock serpent (shapeshifter) (Vaults:5)
  A hell knight (Depths:3)
  A naga sharpshooter (Snake:2)
  2 deep elf knights (Elf:3)
  A flayed ghost (Vaults:5)
  A deep troll (Vaults:4)
  3 deep elf archers
  An orc knight (D:15)
  3 ironbound convokers (Vaults:5)
  6 deep elf zephyrmancers
  2 wizards
  A deep elf pyromancer (Elf:2)
  A necromancer (Vaults:5)
  A mana viper (Snake:2)
  6 ugly things
  A moth of wrath (Zot:1)
  An iron dragon skeleton (Vaults:5)
  A black mamba (Snake:2)
  A naga mage (Snake:4)
  2 human zombies (Vaults:5)
  3 yaktaurs (Vaults:2)
  2 tengu conjurers (Depths:1)
  A polar bear (IceCv)
  A human skeleton (Vaults:5)
  5 slime creatures
  A water elemental (Elf:2)
  2 centaurs (D:14)
  An orc wizard (Elf:3)
  An orc (Elf:3)
  15 briar patches
130 creatures vanquished.

Vanquished Creatures (others)
  An ancient lich (Zot:5)
  An orb of fire (Zot:5)
  2 Killer Klowns (Zot:5)
  An electric golem (Zot:5)
  5 tentacled monstrosities
  8 Orb Guardians (Zot:5)
  2 death cobs
  A sphinx (Vaults:5)
  A fire giant (Vaults:5)
  A draconian knight (Zot:2)
  A draconian scorcher (Zot:1)
  2 frost giants (Zot:1)
  A draconian shifter (Zot:1)
  2 vault wardens (Vaults:5)
  A stone giant (Vaults:5)
  A very ugly thing (Vaults:5)
  2 white draconians
  A black draconian (Zot:1)
  A yellow draconian (Zot:1)
  2 purple draconians (Zot:2)
  A red draconian (Zot:1)
  An ettin (Vaults:5)
  2 yaktaur captains (Vaults:5)
  2 ice dragons (Zot:1)
  2 vault guards
  13 dancing weapons
  A deep elf knight (Elf:2)
  A deep troll (Vaults:5)
  2 ironbound convokers (Vaults:5)
  2 wizards
  A deep elf pyromancer (Elf:2)
  A polar bear (IceCv)
  5 humans (Lair:4)
  2 yaks (D:8)
  2 briar patches (Swamp:4)
  14 foxfires
  75 fungi
  125 plants
  9 snaplasher vines
  7 toadstools (D:3)
305 creatures vanquished.

Grand Total: 2478 creatures vanquished

Notes
Turn   | Place    | Note
-------+----------+-------------------------------------------
     0 | D:1      | AarnesTheHuman the Gargoyle Earth Elementalist began the
                  | quest for the Orb.
     0 | D:1      | Reached XP level 1. HP: 10/10 MP: 3/3
   316 | D:1      | Reached XP level 2. HP: 16/16 MP: 5/5
   350 | D:1      | Reached skill level 1 in Fighting
   744 | D:1      | Found a faded altar of an unknown god.
  1440 | D:2      | Reached XP level 3. HP: 7/21 MP: 2/6
  1642 | D:1      | Learned a level 3 spell: Stone Arrow
  1645 | D:1      | Learned a level 2 spell: Passwall
  2187 | D:2      | Found a sparkling altar of Nemelex Xobeh.
  2237 | D:2      | Reached skill level 2 in Fighting
  2351 | D:2      | Noticed Terence
  2937 | D:2      | Found Plog's Distillery.
  3035 | D:2      | Reached skill level 1 in Conjurations
  3035 | D:2      | Reached XP level 4. HP: 26/26 MP: 8/8
  3115 | D:3      | Reached skill level 1 in Armour
  3218 | D:3      | Found an ancient bone altar of Kikubaaqudgha.
  3222 | D:3      | Reached skill level 5 in Earth Magic
  3222 | D:3      | Reached XP level 5. HP: 30/30 MP: 6/9
  3746 | D:3      | Reached skill level 1 in Polearms
  3753 | D:3      | Reached skill level 3 in Fighting
  3878 | D:3      | Reached XP level 6. HP: 32/37 MP: 6/10
  4035 | D:4      | You fall into a shaft and drop 2 floors!
  4038 | D:5      | Entered Level 5 of the Dungeon
  4059 | D:4      | Noticed a necrophage
  4310 | D:4      | Found a sacrificial altar of Ru.
  4355 | D:4      | Found an ornate altar of the Wu Jian Council.
  4384 | D:4      | Identified the +3 chain mail of Satutoc {rF+ MP-9 Stlth+}
  4541 | D:4      | Killed a necrophage
  4542 | D:4      | Reached XP level 7. HP: 41/41 MP: 5/13
  5630 | D:4      | Found a shadowy altar of Dithmenos.
  6061 | D:5      | Reached skill level 4 in Fighting
  6974 | D:5      | Reached XP level 8. HP: 48/48 MP: 7/14
  7158 | D:6      | Reached skill level 5 in Fighting
  7419 | D:2      | Killed Terence
  7590 | D:6      | Reached skill level 5 in Spellcasting
  8142 | D:6      | Found a staircase to the Ecumenical Temple.
  8151 | Temple   | Entered the Ecumenical Temple
  8337 | Temple   | Became a worshipper of Gozag Ym Sagoz the Greedy
  8478 | D:6      | Reached skill level 5 in Conjurations
  9208 | D:6      | Reached XP level 9. HP: 55/55 MP: 13/17
  9502 | D:7      | Reached skill level 6 in Fighting
  9502 | D:7      | Reached skill level 5 in Armour
  9976 | D:7      | Noticed a gargoyle
  9981 | D:7      | Killed a gargoyle
 10096 | D:7      | Noticed a gargoyle
 10100 | D:7      | Killed a gargoyle
 10190 | D:7      | Noticed a gargoyle
 10210 | D:7      | Killed a gargoyle
 10211 | D:7      | Reached XP level 10. HP: 47/60 MP: 1/19
 10272 | D:7      | Noticed a gargoyle
 10276 | D:7      | Killed a gargoyle
 10277 | D:7      | Reached skill level 10 in Armour
 10626 | D:6      | Learned a level 4 spell: Petrify
 10863 | D:2      | Bought a potion of curing for 39 gold pieces
 10863 | D:2      | Bought a potion of might for 52 gold pieces
 11177 | D:7      | Reached skill level 1 in Transmutations
 11352 | D:8      | Noticed a two-headed ogre
 11626 | D:8      | Noticed a two-headed ogre
 11639 | D:8      | Killed a two-headed ogre
 11654 | D:8      | Identified the +6 hunting sling of Wulerisch {flame, rElec
                  | Str+5 Int-5 SInv}
 12414 | D:8      | Found a shimmering blue altar of Sif Muna.
 12426 | D:8      | Got Sif Muna's Tome of Confrontation
 12428 | D:8      | Got Sif Muna's Collected Works on the Entourage
 12430 | D:8      | Got Sif Muna's Compendium of Bewitchment
 12859 | D:8      | Killed a two-headed ogre
 13050 | D:8      | Reached skill level 7 in Fighting
 13258 | D:9      | Noticed a two-headed ogre
 13263 | D:9      | Killed a two-headed ogre
 13264 | D:9      | Reached skill level 8 in Fighting
 13264 | D:9      | Reached XP level 11. HP: 68/68 MP: 5/21
 13521 | D:9      | Learned a level 4 spell: Sticky Flame
 13540 | D:9      | Found a bloodstained altar of Trog.
 13575 | D:9      | Noticed a two-headed ogre
 13586 | D:9      | Killed a two-headed ogre
 14398 | D:10     | Entered Level 10 of the Dungeon
 14477 | D:10     | Reached skill level 1 in Maces & Flails
 14799 | D:10     | Identified the +8 flail of the Whelk {vorpal, rF+ Will+}
 15100 | D:10     | Found a staircase to the Orcish Mines.
 15519 | D:10     | Found a staircase to the Lair.
 16253 | D:10     | Reached skill level 5 in Maces & Flails
 16985 | Lair:1   | Entered Level 1 of the Lair of Beasts
 17057 | Lair:1   | Noticed a six-headed hydra
 17080 | Lair:1   | Killed a six-headed hydra
 17860 | Lair:1   | Learned a level 2 spell: Blink
 17989 | Lair:1   | Noticed a six-headed hydra
 18030 | Lair:1   | Killed a six-headed hydra
 18031 | Lair:1   | Reached skill level 1 in Translocations
 18031 | Lair:1   | Reached XP level 12. HP: 55/74 MP: 8/23
 18821 | D:10     | Bought the +1 troll leather armour of Dolehyi {Rampage rC++
                  | Will+ Regen+ Str-5} for 712 gold pieces
 19019 | Lair:2   | You fall into a shaft and drop 1 floor!
 19022 | Lair:3   | Noticed a boulder beetle
 19046 | Lair:3   | Noticed an eight-headed hydra
 19295 | Lair:2   | Noticed a four-headed hydra
 19305 | Lair:2   | Killed a four-headed hydra
 21516 | Lair:2   | Killed an eight-headed hydra
 21782 | Lair:3   | Noticed an eight-headed hydra
 21795 | Lair:3   | Killed an eight-headed hydra
 21796 | Lair:3   | Reached skill level 5 in Fire Magic
 22041 | Lair:3   | Reached skill level 9 in Fighting
 24749 | Lair:3   | Killed a boulder beetle
 25287 | Lair:4   | Noticed a boulder beetle
 28198 | D:11     | Noticed Maurice
 28207 | D:11     | Killed Maurice
 28756 | D:11     | Noticed a boulder beetle
 29520 | Lair:3   | Killed a boulder beetle
 29521 | Lair:3   | Reached XP level 13. HP: 80/80 MP: 9/26
 29639 | Lair:4   | Noticed Kirke
 30115 | Lair:3   | Killed Kirke
 30348 | D:10     | Bought the +0 cloak "Lijudim" {Str+2 Stlth+} for 333 gold
                  | pieces
 30549 | Lair:4   | Found a runed translucent door.
 30554 | Lair:4   | Noticed Qawitz's ghost (journeyman GrEE)
 31070 | Lair:4   | Reached skill level 10 in Fighting
 31235 | Lair:4   | Found a staircase to the Swamp.
 31899 | Lair:4   | Reached skill level 10 in Spellcasting
 31899 | Lair:4   | Reached skill level 5 in Transmutations
 32600 | Lair:4   | Found a staircase to the Snake Pit.
 32878 | Lair:3   | Learned a level 1 spell: Shock
 33595 | Lair:4   | Found a runed translucent door.
 33661 | Lair:4   | Found a staircase to the Snake Pit.
 33818 | Lair:4   | Found a staircase to the Swamp.
 34710 | Lair:5   | Found a staircase to the Slime Pits.
 34711 | Lair:5   | Found a viscous altar of Jiyva.
 34927 | Lair:5   | Reached skill level 11 in Fighting
 35462 | Lair:5   | Identified the +6 arbalest of Lacaj {vorpal, *Slow rPois
                  | rN+}
 35497 | Lair:6   | Entered Level 6 of the Lair of Beasts
 35917 | Lair:6   | Learned a level 4 spell: Passage of Golubria
 36430 | Lair:5   | Reached skill level 12 in Fighting
 37230 | Lair:5   | Found a staircase to the Slime Pits.
 37231 | Lair:5   | Found a viscous altar of Jiyva.
 37442 | Lair:4   | Gained mutation: Your large and strong wings let you fly.
                  | [Gargoyle growth]
 37442 | Lair:4   | Reached XP level 14. HP: 92/92 MP: 10/28
 38770 | Lair:6   | Reached skill level 5 in Translocations
 41943 | Lair:6   | Identified the +7 rapier of Disorder {vorpal, Fly rN+++
                  | Str+3 Dex-3}
 41953 | Lair:6   | Learned a level 5 spell: Borgnjor's Vile Clutch
 42094 | Lair:6   | Reached skill level 1 in Shields
 42617 | D:11     | Reached skill level 13 in Fighting
 43178 | D:12     | Reached skill level 1 in Necromancy
 44188 | D:12     | Noticed Sonja
 44200 | D:12     | Killed Sonja
 44255 | D:12     | Noticed Urug
 44275 | D:12     | Killed Urug
 44311 | D:12     | Found a blossoming altar of Fedhas.
 44648 | Orc:1    | Entered Level 1 of the Orcish Mines
 45741 | Orc:1    | Reached XP level 15. HP: 98/98 MP: 11/30
 46015 | Orc:1    | Found Pah Afa's Distillery.
 46076 | Orc:2    | Entered Level 2 of the Orcish Mines
 46704 | Orc:2    | Found a runed translucent gate.
 46704 | Orc:2    | Found a runed translucent gate.
 46704 | Orc:2    | Found a runed translucent gate.
 46723 | Orc:2    | Noticed hitsuchi's ghost (journeyman KoBe)
 47022 | Orc:1    | Reached skill level 5 in Necromancy
 47975 | Orc:1    | Reached skill level 5 in Shields
 49056 | Orc:2    | Found an iron altar of Okawaru.
 49488 | Orc:2    | Found Muunopel's Specific Store.
 49490 | Orc:2    | Found Elisifa's General Store.
 50513 | Orc:2    | Found a staircase to the Elven Halls.
 50602 | Orc:2    | Found Vicusole's Antique Weapon Emporium.
 51048 | Orc:2    | Found Cuperhub's Weapon Emporium.
 51049 | Orc:2    | Found Sesel's Antique Armour Shop.
 51059 | Orc:2    | Found Puowumun's General Store.
 51314 | Orc:2    | Found Veunedgha's CLEARANCE SALE!.
 52113 | D:10     | Bought the +0 buckler of the Old World {rElec rF+ rN++
                  | rCorr} for 665 gold pieces
 52144 | D:10     | Bought a pair of runed boots for 217 gold pieces
 52307 | D:13     | Noticed Rupert
 52307 | D:13     | Noticed Nessos
 52307 | D:13     | Found a gate to the Vaults.
 52499 | Swamp:1  | Entered Level 1 of the Swamp
 52821 | Swamp:1  | Found a frozen archway.
 52827 | IceCv    | Entered an ice cave
 53654 | IceCv    | Reached XP level 16. HP: 96/104 MP: 10/32
 54496 | IceCv    | Reached skill level 10 in Earth Magic
 56569 | Swamp:1  | Reached skill level 14 in Fighting
 58004 | Swamp:1  | Learned a level 5 spell: Summon Forest
 58281 | Swamp:2  | Found a snail-covered altar of Cheibriados.
 58371 | Swamp:2  | Reached skill level 1 in Summonings
 58906 | Swamp:2  | Noticed Donald
 58917 | Swamp:2  | Killed Donald
 60676 | Swamp:3  | Noticed a thorn hunter
 60682 | Swamp:3  | Killed a thorn hunter
 60683 | Swamp:3  | Reached skill level 10 in Maces & Flails
 61765 | Swamp:3  | Reached skill level 5 in Summonings
 61765 | Swamp:3  | Reached XP level 17. HP: 112/112 MP: 9/34
 63037 | Swamp:3  | Identified the +0 plate armour of the Evening Star
                  | {*Corrode Regen+ Dex+2}
 63185 | Swamp:4  | Entered Level 4 of the Swamp
 63549 | Swamp:4  | Reached skill level 15 in Fighting
 66854 | Swamp:4  | Reached skill level 5 in Dodging
 67468 | Swamp:4  | Got a decaying rune of Zot
 67814 | D:10     | Bought a book of Rime for 420 gold pieces
 67818 | D:10     | Learned a level 3 spell: Frozen Ramparts
 68237 | D:13     | Killed Nessos
 68460 | D:13     | Killed Rupert
 68648 | D:13     | Reached skill level 1 in Ice Magic
 69749 | D:14     | Found the +7 captain's cutlass {speed, disarm}
 69793 | D:14     | Found a runed translucent door.
 69797 | D:14     | Noticed peterlawrence's ghost (journeyman MiFi)
 71159 | D:14     | Reached XP level 18. HP: 119/119 MP: 22/36
 71489 | D:14     | Identified a scroll of acquirement
 71494 | D:14     | Acquired 817 gold pieces
 71553 | D:15     | Entered Level 15 of the Dungeon
 73226 | D:15     | Learned a level 3 spell: Ozocubu's Armour
 73397 | D:15     | Found a staircase to the Depths.
 73961 | Snake:1  | Entered Level 1 of the Snake Pit
 73961 | Snake:1  | Noticed Frances
 73961 | Snake:1  | Noticed Josephine
 73968 | Lair:4   | Killed Josephine
 74155 | Snake:1  | Killed Frances
 75132 | Snake:1  | Found a transporter.
 75137 | Snake:1  | Found a transporter.
 75137 | Snake:1  | Noticed Jerry's ghost (adept VSFi)
 75209 | Snake:1  | Identified the +3 robe of Joy {Slay+3}
 75333 | Snake:1  | Noticed Aizul
 75364 | Snake:1  | Killed Aizul
 75495 | Snake:1  | Noticed Jorgrun
 75512 | Snake:1  | Killed Jorgrun
 76610 | Snake:2  | Noticed Agnes
 76620 | Snake:2  | Killed Agnes
 77619 | Snake:2  | Reached skill level 16 in Fighting
 78061 | Snake:2  | Noticed Vashnia
 78073 | Snake:2  | Killed Vashnia
 78958 | Snake:2  | Reached XP level 19. HP: 125/125 MP: 34/37
 81497 | Snake:3  | Reached skill level 10 in Shields
 81779 | Snake:3  | Reached skill level 15 in Spellcasting
 81892 | Snake:3  | Learned a level 3 spell: Summon Guardian Golem
 83512 | D:10     | Bought the Reference Book on Earthen Envenoming for 690
                  | gold pieces
 83518 | D:10     | Learned a level 5 spell: Lee's Rapid Deconstruction
 83688 | Snake:4  | Entered Level 4 of the Snake Pit
 84241 | Snake:4  | Found Puny's Weapon Boutique.
 84242 | Snake:4  | Found Oleockew's General Store.
 84242 | Snake:4  | Found Ycoz's Armour Boutique.
 84246 | Snake:4  | Found Pycef's Antique Weapon Shop.
 84271 | Snake:4  | Found Haph's Jewellery Shop.
 85680 | Snake:4  | Reached skill level 17 in Fighting
 87262 | Snake:4  | Got a serpentine rune of Zot
 87305 | Snake:4  | Reached XP level 20. HP: 136/136 MP: 40/40
 87306 | Snake:4  | Reached XP level 21. HP: 140/140 MP: 41/41
 87307 | Snake:4  | Reached skill level 18 in Fighting
 87307 | Snake:4  | Reached XP level 22. HP: 147/147 MP: 42/42
 87727 | Vaults:1 | Entered Level 1 of the Vaults
 87754 | Vaults:1 | Reached XP level 23. HP: 152/152 MP: 35/43
 87760 | Vaults:1 | Learned a level 2 spell: Poisonous Vapours
 88191 | Vaults:1 | Reached skill level 5 in Stealth
 89070 | Vaults:1 | Reached skill level 19 in Fighting
 90415 | Orc:1    | Killed hitsuchi's ghost
 90689 | Orc:2    | Got the Disquisition on Creation
 90692 | Orc:2    | Identified the +1 cloak of the Blizzard {Int+2}
 91066 | Vaults:2 | Identified the ring of Ofoclisch {Fire *Slow rPois Str+6
                  | SInv}
 91162 | Vaults:2 | Noticed Xtahua
 91180 | Vaults:2 | Killed Xtahua
 91704 | Vaults:2 | Noticed Frederick
 91716 | Vaults:2 | Killed Frederick
 93310 | Vaults:2 | Found a staircase to the Crypt.
 93310 | Vaults:2 | Found a basalt altar of Yredelemnul.
 93311 | Vaults:2 | Found an ancient bone altar of Kikubaaqudgha.
 93399 | Vaults:2 | Found a portal to a secret trove of treasure.
 94450 | Vaults:3 | Reached skill level 20 in Fighting
 94520 | Vaults:3 | Identified the +7 battleaxe "Koivoxtoa" {venom, *Rage
                  | *Noise rN+ Str+9}
 95146 | Vaults:3 | Reached XP level 24. HP: 163/163 MP: 25/44
 98426 | Elf:1    | Entered Level 1 of the Elven Halls
 98671 | Elf:1    | Found a transporter.
 98946 | Elf:1    | Identified the +0 chain mail "Laomuthry" {rPois rN++ Int-3}
 98994 | Elf:1    | Reached skill level 21 in Fighting
 99382 | Elf:1    | Found a transporter.
 99406 | Elf:1    | Noticed kalagan's ghost (journeyman DECj)
 99759 | Elf:1    | Got the Catalogue of Necromancy
 99972 | Elf:2    | Found Zontuomn's Jewellery Boutique.
100679 | Elf:2    | Found a stormy altar of Qazlal.
100681 | Elf:2    | Paralysed by an air elemental for 1 turns
101137 | Elf:2    | Found a runed translucent gate.
101137 | Elf:2    | Found a runed translucent gate.
101137 | Elf:2    | Found a runed translucent gate.
101730 | Elf:3    | Entered Level 3 of the Elven Halls
101931 | Elf:3    | Noticed Saint Roka
102035 | Elf:3    | Killed Saint Roka
102139 | Elf:2    | Found an ancient bone altar of Kikubaaqudgha.
102247 | Elf:3    | Found Foweledilo's Jewellery Boutique.
103142 | Elf:3    | Reached skill level 22 in Fighting
103142 | Elf:3    | Reached XP level 25. HP: 159/173 MP: 35/45
104013 | Elf:3    | Identified the ring of the Good {AC+4 Dex+4}
104218 | Elf:3    | Identified the +7 scale mail of the Evening Star {rPois rN+
                  | rCorr}
105476 | Elf:3    | Identified the +10 ring mail of Heresy {Drain Fly Stlth+}
107286 | Depths:1 | Entered Level 1 of the Depths
107372 | Depths:1 | Noticed an ancient lich
107482 | D:15     | Killed an ancient lich
108724 | Depths:1 | Reached skill level 15 in Earth Magic
109229 | Depths:1 | Found a gateway to Hell.
109302 | Depths:1 | Got the Tome of Fire
109309 | Depths:1 | Learned a level 5 spell: Fireball
111337 | Depths:1 | Found a runed translucent door.
111340 | Depths:1 | Found a runed translucent door.
111340 | Depths:1 | Found a runed translucent door.
111702 | Depths:1 | Reached skill level 10 in Conjurations
111746 | Depths:1 | Found Nogylav's Jewellery Shoppe.
111746 | Depths:1 | Found Nenos's Book Boutique.
111747 | Depths:1 | Found Laok's Book Boutique.
112315 | Depths:2 | Paralysed by a floating eye for 4 turns
112567 | Depths:2 | Found Bago's Magic Scroll Shoppe.
112675 | Depths:2 | Reached XP level 26. HP: 170/180 MP: 31/46
112802 | Depths:2 | Identified the +6 morningstar of Zuistrafo {antimagic, Fly
                  | Str-3 Int-2 Dex+5}
113584 | Depths:2 | Reached skill level 23 in Fighting
113736 | Depths:2 | Found a one-way gate leading to the halls of Pandemonium.
115206 | Depths:2 | Identified the ring of Adeazig {MP+9 Str+4}
115979 | Depths:2 | Found Bago's Magic Scroll Shoppe.
116334 | Depths:2 | Found a one-way gate leading to the halls of Pandemonium.
117690 | Depths:3 | Learned a level 6 spell: Starburst
117946 | Depths:3 | Noticed a juggernaut
118013 | Depths:3 | Killed a juggernaut
119924 | Depths:3 | Found a one-way gate to the infinite horrors of the Abyss.
120212 | Depths:3 | Found a sacrificial altar of Ru.
120295 | Depths:4 | Entered Level 4 of the Depths
120786 | Depths:4 | Found a one-way gateway to a ziggurat.
122372 | Elf:1    | Paralysed by an air elemental for 1 turns
122374 | Elf:1    | Paralysed by an air elemental for 1 turns
122392 | Elf:1    | Killed kalagan's ghost
122476 | Elf:1    | Identified the +0 hat of the Salmon {Harm rCorr}
123027 | Depths:4 | Found a radiant altar of Vehumet.
123403 | Depths:4 | Found Esihogy's Antique Weapon Shoppe.
123758 | Depths:4 | Found a gate to the Realm of Zot.
123917 | Depths:4 | Reached XP level 27. HP: 183/188 MP: 10/47
125155 | Vaults:5 | Entered Level 5 of the Vaults
125727 | Vaults:5 | Found the +2 cloak of the Thief {*Fog Slay-2 SInv Stlth+}
125736 | Vaults:5 | Identified the ring "Ogoti" {rC+++ Str+3 Dex+3 SInv Stlth-}
125816 | Vaults:5 | Reached skill level 24 in Fighting
125817 | Vaults:5 | Reached skill level 15 in Armour
125821 | Vaults:5 | Noticed an ancient lich
126171 | Vaults:5 | Killed an ancient lich
127321 | Vaults:5 | Reached skill level 25 in Fighting
127829 | Vaults:5 | Found Optiphull's Magic Scroll Boutique.
127835 | Vaults:5 | Got a silver rune of Zot
127841 | Vaults:5 | Bought a scroll of blinking for 135 gold pieces
128068 | Vaults:5 | Identified the +11 broad axe "Pixkikk" {flame, Int+3}
129243 | Vaults:5 | Identified the +2 chain mail of the Sea {Harm Regen+}
129511 | Vaults:5 | Identified the +1 pearl dragon scales of Proximity {Fly rC+
                  | rN+}
129512 | Vaults:5 | Acquired 732 gold pieces
129765 | D:10     | Bought the ring of the Mage {Wiz Archmagi} for 969 gold
                  | pieces
129765 | D:10     | Found the ring of the Mage {Wiz Archmagi}
129982 | Depths:1 | Learned a level 8 spell: Lehudib's Crystal Spear
130148 | Zot:1    | Entered Level 1 of the Realm of Zot
132605 | Zot:1    | Acquired 857 gold pieces
134175 | Zot:2    | Identified the +4 robe of the Circus Animal {Str+2 Int+4
                  | Dex+4}
136896 | Zot:3    | Reached skill level 26 in Fighting
143016 | Zot:5    | Entered Level 5 of the Realm of Zot
144573 | Zot:5    | Noticed an orb of fire
144593 | Zot:5    | Killed an orb of fire
144596 | Zot:5    | Noticed an orb of fire
144597 | Zot:5    | Noticed an orb of fire
144598 | Zot:5    | Noticed an orb of fire
144612 | Zot:5    | Noticed an orb of fire
144612 | Zot:5    | Gained mutation: You tend to lose your temper in combat.
                  | [an orb of fire]
144618 | Zot:5    | Killed an ancient lich
144619 | Zot:5    | Killed an orb of fire
144636 | Zot:5    | Noticed an orb of fire
144641 | Zot:5    | Killed an orb of fire
144662 | Zot:4    | Lost mutation: You tend to lose your temper in combat.
                  | [potion of mutation]
144662 | Zot:4    | Gained mutation: You expend magic power (3 MP) to
                  | strengthen your wands. [potion of mutation]
144662 | Zot:4    | Gained mutation: Your skin changes colour to match your
                  | surroundings (Stealth+). [potion of mutation]
144662 | Zot:4    | Gained mutation: Your flesh is heat resistant. (rF+)
                  | [potion of mutation]
145987 | Zot:5    | Reached skill level 15 in Conjurations
146776 | Zot:5    | Noticed an ancient lich
146784 | Zot:5    | Killed an ancient lich
148345 | D:10     | Bought a potion of heal wounds for 95 gold pieces
148345 | D:10     | Bought a potion of heal wounds for 95 gold pieces
148814 | Zot:5    | Got the Orb of Zot
149158 | D:12     | Noticed Quunnot the pandemonium lord
149366 | D:$      | Escaped with the Orb!

Illustrated notes

Levels and vault maps discovered:
D:1:      dpeg_arrival_shrine, layout_basic, ebering_ecumenical_altar_petrified,
          minmay_cupped
D:2:      layout_rooms, basic_altar, serial_shops, nicolae_shop_window_shopping,
          minmay_domino_4, uniq_terence
D:3:      cheibrodos_fertilizer, layout_loops_corners, kennysheep_vampire_church
D:4:      layout_gridville, mainiacjoe_overflow_swirl, nzn_wu_jian_council_hall
D:5:      layout_layer_cave, nicolae_concentric_dashed_squares_mild
D:6:      layout_rooms, minmay_temple_entry_mini_moons
D:7:      cheibrodos_statue_roulette, layout_rooms, enter_bailey_5
D:8:      layout_loops_ring, nicolae_sif_muna_little_library
D:9:      layout_rooms, mainiacjoe_overflow_chevrons
D:10:     minmay_evil_eye, layout_grid_maze, lair_entry_dummy, orc_0_dummy
D:11:     layout_loops_cross, glass_columns_a, uniq_maurice
D:12:     layout_cave_pools, fedhas_altar_4, uniq_sonja, uniq_urug
D:13:     layout_gridville, david_vaults_3, abandoned_shop
D:14:     layout_basic, minmay_misc_feat_diagonals,
          ebering_ghost_reflecting_pool, grunt_ministairs_9
D:15:     grunt_enter_depths_hoard, layout_irregular_city, minivault_26
Temple:   nicolae_temple_elliptical
Lair:1:   layout_small_grid, lemuel_fruit_tree
Lair:2:   layout_layer_cave
Lair:3:   layout_misc_corridors, nicolae_volcano_entry_batcave
Lair:4:   layout_regular_city, nicolae_swamp_entry_splash_gauntlet,
          minmay_snake_entry_guardpost_small, ebering_ghost_reflecting_pool,
          grunt_megastairs_2, uniq_nessos, uniq_kirke
Lair:5:   layout_roguey, slime_altar_1, worms_lemuel
Lair:6:   minmay_lair_end_enchanted_forest, layout_regular_city
Swamp:1:  layout_basic_swamp, portal_ice_cave_entry_pillars_three,
          hangedman_swamp_ruin_wall, swamp_pool5, infiniplex_staircase_pool_2
Swamp:2:  layout_falls_marsh, lemuel_altar_in_water, swamp_pool2, uniq_donald
Swamp:3:  cheibrodos_swamp_heart_of_darkness, layout_basic_swamp,
          evilmike_swamp_ruin_house_4
Swamp:4:  swamp_basic_johnstein, layout_basic_swamp
Snake:1:  layout_misc_corridors, gammafunk_ghost_arena, drop_trap,
          nicolae_snake_gridmaze_entwining, grunt_ministairs_3, uniq_aizul,
          uniq_frances, uniq_jorgrun, uniq_josephine
Snake:2:  nicolae_sea_snake_s, layout_cave_town, uniq_vashnia, uniq_agnes
Snake:3:  layout_honeycomb, serial_bayou_shore_a
Snake:4:  minmay_snake_end_coiled, layout_rooms, serial_shops, shop_statue,
          grunt_megastairs_3, serial_bayou_shore_b, minmay_shoptagon
Orc:1:    layout_diamond_mine, serial_shops, shop, basic_altar, special_room
          [special_room_orc], roderic_batcave, guppyfry_orc_lava_fort
Orc:2:    st_orc_open, layout_caves, gammafunk_ghost_fury_of_okawaru,
          nicolae_specific_store, nicolae_shop_clearance
Elf:1:    nicolae_elf_arrival_fired_up, layout_geoelf_grid,
          gammafunk_ghost_arena, minmay_elf_necromancy
Elf:2:    nicolae_elf_blades_crystal_corner, layout_gridlike, serial_shops,
          nicolae_stop_n_shop_2, nicolae_elf_altarnating, lemuel_upstairs_altar
Elf:3:    minmay_elf_hall_dome, layout_loops_corners, serial_shops, shop,
          uniq_saint_roka
Vaults:1: nicolae_vaults_little_squares_5, v_misc_23, nicolae_vaults_what_the_h,
          v_pattern_3, nicolae_vaults_know_your_exits, vaults_room_fours,
          layout_vaults_omnicross
Vaults:2: portal_desolation_entry_salt, minmay_crypt_entry_necro_gods,
          grunt_vaults_focal, nicolae_vaults_specimen_jars,
          nicolae_vaults_mini_display_case, hangedman_vaults_restitches,
          layout_vaults_omnigrid, nicolae_trove_entry_path_of_doom,
          uniq_frederick, uniq_xtahua
Vaults:3: ontoclasm_vaults_hangar, v_pattern_4, v_misc_27,
          nicolae_vaults_arrows, vaults_dpeg_diagonal,
          nicolae_vaults_sealed_display, v_misc_28, layout_vaults_maze_snakey
Vaults:4: grunt_vaults_swirl, nicolae_vaults_stairing_the_circle,
          hangedman_vaults_maws, vaults_room_pool, hangedman_vaults_stitches,
          vaults_room_fours, nicolae_vaults_back_hallway,
          hangedman_vaults_stagger, ontoclasm_vaults_decontamination,
          ontoclasm_vaults_ring_square, vaults_room_hallway, v_misc_17,
          st_more_cells, nicolae_vaults_little_squares_6, layout_vaults_ring
Vaults:5
Depths:1: minmay_the_grid_triangle_9x9_rhombus_full_mashed
          [minmay_the_grid_triangle_9x9_fully_insulated_deathbox,
          minmay_the_grid_triangle_9x9_corrupted_corridor,
          minmay_the_grid_triangle_9x9_stretched_checkered,
          minmay_the_grid_triangle_9x9_minimal,
          minmay_the_grid_triangle_9x9_wacky_v,
          minmay_the_grid_triangle_9x9_pentomino_pain,
          minmay_the_grid_triangle_9x9_odd_lines,
          minmay_the_grid_triangle_9x9_prize_top_heavy], layout_cave_pools,
          special_room [special_room_magic_class], pf_hell_entry_tar_spiral,
          hangedman_stitches_earthworm, minmay_shop_grove, serial_bayou_shore_b,
          serial_bayou_shore_b
Depths:2: minmay_four_inscribed_fans, layout_long_grid, minmay_misc_feat_roman,
          hell_entry, rand_demon_pan_entry_4, kennysheep_small_square,
          infiniplex_staircase_zigzag_3
Depths:3: minmay_polygon_palace, layout_cave_shapes, nicolae_ru_path_of_blood,
          minmay_room_of_horrors, hell_entry, minmay_misc_feat_square,
          minmay_microvault, minmay_staircase_windowed_large,
          kennysheep_random_hallway
Depths:4: grunt_zot_entry_tricorne, layout_honeycomb, enter_ziggurat_e,
          nicolae_vehumet_altar_sigil, serial_shops, nicolae_shop_behind_doors,
          hell_entry
Zot:1:    minmay_elemental_castle, layout_gridville
Zot:2:    grunt_twist_and_shout, layout_onion_interference, st_stairs_5
Zot:3:    layout_gridlike, grunt_ministairs_6, st_stairs_7
Zot:4:    layout_cathedral_of_symmetry
Zot:5:    layout_gridlike, lemuel_golem_globe

Skill      XL: |  1  2  3  4  5  6  7  8  9 10 11 12 13 14 15 16 17 18 19 20 21 22 23 24 25 26 27 |
---------------+----------------------------------------------------------------------------------+-----
Fighting       | 1 2 3 4 5 6 8 9 12 13 14 15 16 17 18 20 22 23 26 | 26.8
Earth Magic    | 4 5 6 7 8 9 10 12 13 15 16 18 | 18.0
Conjurations   | 1 2 3 4 5 6 7 10 11 15 | 15.0
Armour         | 1 2 4 9 10 11 12 13 14 15 | 15.0
Spellcasting   | 3 4 5 6 7 9 10 11 12 13 14 16 17 18 19 20 21 | 21.0
Polearms       | 1 |  1.0
Transmutations | 3 4 5 |  5.0
Dodging        | 2 3 4 5 7 |  7.0
Stealth        | 3 4 5 |  5.0
Fire Magic     | 4 5 6 7 9 |  9.0
Maces & Flails | 6 8 10 12 13 14 | 14.0
Translocations | 1 2 4 6 7 8 |  8.0
Shields        | 4 6 8 10 11 12 | 12.0
Necromancy     | 3 6 7 |  7.5
Summonings     | 5 7 8 9 |  9.0
Ice Magic      | 3 4 |  4.5

Action                   |  1- 3 |  4- 6 |  7- 9 | 10-12 | 13-15 | 16-18 | 19-21 | 22-24 | 25-27 || total
-------------------------+-------+-------+-------+-------+-------+-------+-------+-------+-------++-------
Melee: Spear             |    90 |    90 |    17 |       |       |       |       |       |       ||   197
       Punch             |       |     1 |     1 |     2 |       |       |       |       |       ||     4
       Short sword       |       |       |   105 |    26 |       |       |       |       |       ||   131
       Falchion          |       |       |    16 |       |       |       |       |       |       ||    16
       Flail             |       |       |       |   137 |   171 |    63 |    16 |    19 |    11 ||   417
       Dire flail        |       |       |       |     2 |   152 |       |       |       |       ||   154
       Eveningstar       |       |       |       |       |       |   343 |   252 |   719 |   863 ||  2177
 Fire: Shortbow          |    28 |    48 |    27 |       |       |       |       |       |       ||   103
       Arbalest          |       |       |    28 |     2 |       |       |       |       |       ||    30
       Hunting sling     |       |       |       |    91 |   320 |   106 |   135 |       |     3 ||   655
Throw: Stone             |     4 |       |       |     1 |     1 |     1 |       |       |       ||     7
       Dart              |     3 |       |     4 |    23 |     2 |     5 |       |       |     2 ||    39
 Cast: Sandblast         |    16 |    20 |     4 |     4 |       |       |       |       |       ||    44
       Stone Arrow       |       |     2 |    81 |   294 |   757 |   438 |    37 |   175 |   464 ||  2248
       Passwall          |       |       |       |     2 |       |     4 |     1 |     2 |     7 ||    16
       Petrify           |       |       |       |    55 |    71 |    18 |       |       |       ||   144
       Sticky Flame      |       |       |       |     5 |       |       |       |       |       ||     5
       Blink             |       |       |       |     3 |     2 |     3 |       |       |     5 ||    13
       Borgnjor's Vile C |       |       |       |       |    17 |   296 |    89 |   169 |   422 ||   993
       Shock             |       |       |       |       |     4 |    34 |       |       |     3 ||    41
       Summon Forest     |       |       |       |       |       |     9 |     1 |    20 |    21 ||    51
       Passage of Golubr |       |       |       |       |       |     7 |       |     1 |     3 ||    11
       Frozen Ramparts   |       |       |       |       |       |    31 |    40 |    48 |    69 ||   188
       Ozocubu's Armour  |       |       |       |       |       |     2 |     7 |    39 |    56 ||   104
       Lee's Rapid Decon |       |       |       |       |       |       |     6 |    39 |   311 ||   356
       Poisonous Vapours |       |       |       |       |       |       |       |    65 |   129 ||   194
       Summon Guardian G |       |       |       |       |       |       |       |     4 |       ||     4
       Fireball          |       |       |       |       |       |       |       |       |    20 ||    20
       Starburst         |       |       |       |       |       |       |       |       |    38 ||    38
       Lehudib's Crystal |       |       |       |       |       |       |       |       |     9 ||     9
Invok: Call Merchant     |       |       |       |     1 |     3 |     2 |     1 |     1 |     3 ||    11
       Potion Petition   |       |       |       |       |     1 |     1 |       |     1 |       ||     3
       Bribe Branch      |       |       |       |       |       |       |       |       |     4 ||     4
Evoke: Wand              |       |       |       |    12 |     8 |     1 |       |       |     4 ||    25
       Phantom mirror    |       |       |       |       |       |     1 |       |       |       ||     1
  Use: Scroll            |     2 |       |     6 |    16 |     5 |     9 |     1 |     6 |    18 ||    63
       Potion            |     1 |       |     1 |     1 |       |     1 |     3 |       |     5 ||    12
 Stab: Sleeping          |     4 |       |       |       |       |     9 |     3 |     8 |     4 ||    28
       Petrified         |       |       |       |    54 |    55 |     7 |       |       |       ||   116
       Distracted        |       |       |       |       |       |     4 |     4 |     5 |    10 ||    23
Armor: Robe              |    17 |    40 |       |       |       |       |       |       |       ||    57
       Leather armour    |       |    14 |    58 |    81 |       |       |       |       |       ||   153
       Troll leather arm |       |       |       |    28 |   186 |   331 |   195 |   604 |   834 ||  2178
Dodge: Dodged            |    45 |    55 |   131 |   176 |   388 |   400 |   190 |   382 |   639 ||  2406
Block: Buckler           |       |       |       |       |    91 |   167 |    83 |   434 |   636 ||  1411
       Reflection        |       |       |       |       |       |       |       |    60 |    32 ||    92
